[Event "*** Titled Tuesday Blitz"]
[Site "Chess.com"]
[Date "2020.10.20"]
[Round "11"]
[White "XDPS"]
[Black "Alexander_Zubov"]
[Result "0-1"]
[WhiteElo "2717"]
[BlackElo "2914"]
[TimeControl "180+1"]
[EndTime "12:08:55 PDT"]
[Termination "Alexander_Zubov won by resignation"]

1. d4 Nf6 2. Nf3 g6 3. Nbd2 Bg7 4. e4 d6 5. Bb5+ c6 6. Bd3 O-O 7. O-O Qc7 8. c3 e5 9. h3 Re8 10. Re1 Nbd7 11. Nf1 Nf8 12. Ng3 b6 13. a4 a6 14.
Bd2 Bb7 15. Qc1 Ne6 16. Bh6 Rad8 17. Bc2 Bc8 18. Bxg7 Kxg7 19. Qe3 h6 20. Rad1 Bb7 21.
Nh4 Nf4 22. Bb3 Kh7 23. Rd2 c5 24. dxe5 dxe5 25. Bc4 Bc6 26. Red1 Rxd2 27. Rxd2 Bxa4 28. Bxa6 Bc6 29. Nf3 Qe7 30. Bf1 Ra8 31. Rd1 Ra4 32.
b4 Ra3 33. Bc4 Kg8 34. Qc1 Ra7 35. Qe3 Ne8 36. Rb1 Nd6 37. Bf1 cxb4 38. Qxb6 Bxe4 39. Nxe4 Nxe4 40. Rxb4 Nxc3 41. Qb8+ Kg7 42. Nxe5 Ra1 43. Rxf4 Ne2+ 44. Kh2 Nxf4 45. Nxg6 Nxg6 46. Bd3 Qe5+ 47. Qxe5+ Nxe5 0-1

[Event "*** Titled Tuesday Blitz"]
[Site "Chess.com"]
[Date "2020.10.20"]
[Round "11"]
[White "tdf98pantani"]
[Black "Orest_Vovk"]
[Result "1-0"]
[WhiteElo "2726"]
[BlackElo "2517"]
[TimeControl "180+1"]
[EndTime "12:08:58 PDT"]
[Termination "tdf98pantani won by resignation"]

1. d4 Nc6 2. Nf3 d6 3. e4 Bg4 4. Be3 e6 5. Nc3 Be7 6. h3 Bxf3 7. Qxf3 Bg5 8. Bb5 Bxe3 9. fxe3 Ne7 10. O-O O-O 11.
Qg3 Ng6 12. Rf2 Qh4 13. Qf3 f5 14. Bxc6 fxe4 15. Qe2 Qxf2+ 16. Qxf2 Rxf2 17. Kxf2 bxc6 18. Nxe4 e5 19. Re1 Re8 20. c4 Rb8 21. b3 a5 22.
Nc3 Kf7 23. Rd1 Ke6 24. d5+ cxd5 25. Rxd5 Ra8 26. g3 Ne7 27. Rd1 Rf8+ 28. Ke2 Nf5 29. Rg1 c6 30. g4 Nh4 31. Ne4 h6 32. g5 d5 33. Nc5+ Kd6 34. Nb7+ Kc7 35. Nxa5 Ra8 36. b4 dxc4 37. gxh6 gxh6 38. Rg7+ Kd6 39. Nxc4+ Ke6 40.
a3 Ra6 41. e4 c5 42. b5 Ra4 43.
Kd3 Nf3 44. b6 Ra8 45. b7 Rb8 46. a4 Nd4 47. a5 Nb5 48. Rg6+ Kf7 49. Rb6 Rd8+ 50.
Ke3 Na3 51. Nxa3 1-0

[Event "*** Titled Tuesday Blitz"]
[Site "Chess.com"]
[Date "2020.10.20"]
[Round "11"]
[White "AniJak"]
[Black "Vandros57"]
[Result "1/2-1/2"]
[WhiteElo "2359"]
[BlackElo "2193"]
[TimeControl "180+1"]
[EndTime "12:08:58 PDT"]
[Termination "Game drawn by repetition"]

1. e4 c5 2. Nc3 Nc6 3. g3 g6 4. Bg2 Bg7 5. d3 e6 6. Be3 b6 7. Qd2 Nge7 8. h4 h5 9. f4 d5 10. exd5 Nxd5 11. Nxd5 exd5 12. O-O-O O-O 13. Ne2 Bg4 14. Rde1 Bxe2 15. Rxe2 Re8 16. Rhe1 Qd7 17. Bf2 Rxe2 18. Qxe2 Kf8 19. Bf3 Nd4 20. Bxd4 Bxd4 21. c3 Bf6 22. Qg2 Rd8 23. g4 Qd6 24. f5 Bxh4 25.
Rh1 Bg5+ 26. Kc2 h4 27. fxg6 fxg6 28. Rf1 Kg7 29. Qe2 Rf8 30. Bg2 Rxf1 31. Qxf1 Qf6 32.
Qxf6+ Kxf6 33. Bxd5 h3 34. Kd1 Ke5 35. Bc6 Kf4 36.
Ke2 Kxg4 37. Kf2 Bh4+ 38. Kg1 Kg3 39. d4 cxd4 40. cxd4 Be7 41. Be4 g5 42. a4 g4 43.
Bc6 Kf4 44. Kh2 Bd6 45. Bd7 Kf3+ 46. Kg1 Kg3 47. b3 h2+ 48. Kh1 Kf2 49. Bxg4 Ke3 50. d5 Kd4 51. Bd1 Kxd5 52. Bf3+ Kd4 53. Bh5 Kc3 54.
Bf7 a6 55. Kg2 b5 56. axb5 axb5 57. Kh1 b4 58. Be6 Kd4 59. Bf7 Kc3 60. Bg8 Kd4 61. Bf7 Kc3 1/2-1/2

[Event "*** Titled Tuesday Blitz"]
[Site "Chess.com"]
[Date "2020.10.20"]
[Round "11"]
[White "DinaBelenkaya"]
[Black "WPWPWP-2015"]
[Result "1-0"]
[WhiteElo "2314"]
[BlackElo "2432"]
[TimeControl "180+1"]
[EndTime "12:09:00 PDT"]
[Termination "DinaBelenkaya won on time"]

1. e4 c5 2. Nc3 d6 3. Nf3 Nf6 4. g3 Nc6 5. Bg2 e6 6. d3 Be7 7.
O-O O-O 8. h4 Bd7 9. Nh2 Nd4 10.
h5 Bc6 11. h6 g6 12. Ng4 Nd7 13. f4 f5 14. Ne3 b5 15. a3 Qb6 16. Kh2 Rae8 17. g4 e5 18. gxf5 exf4 19. Ned5 Qd8 20. Bxf4 gxf5 21. Rg1 Kh8 22. Bh3 Ne5 23. Bxe5+ dxe5 24.
Qh5 b4 25. axb4 cxb4 26. Nxe7 Qxe7 27. Nd5 Bxd5 28. exd5 e4 29. Rg7 Nf3+ 30. Kh1 Qe5 31.
Bg2 Qxb2 32. Rf1 Qf6 33. Bxf3 exf3 34. Rxf3 Re1+ 35. Kg2 Qa1 36. Qh2 Re2+ 37. Rf2 Rxf2+ 38. Kxf2 Qd4+ 39. Kf1 Qxd5 40. Qg3 Qe6 41. Rxh7+ 1-0

[Event "*** Titled Tuesday Blitz"]
[Site "Chess.com"]
[Date "2020.10.20"]
[Round "11"]
[White "Berardino"]
[Black "scandalgod"]
[Result "1-0"]
[WhiteElo "2595"]
[BlackElo "2412"]
[TimeControl "180+1"]
[EndTime "12:09:03 PDT"]
[Termination "Berardino won on time"]

1. e4 e5 2. Bc4 Nf6 3. d3 Nc6 4. Nc3 Na5 5. Qf3 Nxc4 6. dxc4 d6 7. Nge2 Be7 8. h3 Be6 9. b3 c6 10. O-O O-O 11. Ng3 Qd7 12. Bg5 Ne8 13. Bxe7 Qxe7 14. Rad1 Rd8 15. Nf5 Qf6 16. Rd3 g6 17. Ng3 Qxf3 18. Rxf3 Nc7 19. Rd1 Rd7 20. Rfd3 Rfd8 21. Nf1 Kg7 22. Ne3 f5 23. f3 f4 24.
Ng4 Bxg4 25. hxg4 Ne6 26. Na4 Kf6 27. Kf2 b6 28. c3 Ke7 29. b4 Ng7 30. Nb2 h5 31.
gxh5 gxh5 32. Rh1 Ke6 33. a4 d5 34. cxd5+ cxd5 35. exd5+ Rxd5 36. Rxd5 Rxd5 37. Ke2 Nf5 38. Rd1 Ng3+ 39. Kf2 Rxd1 40. Nxd1 Kd5 41. Nb2 h4 42. Ke1 e4 43. fxe4+ Kxe4 44. a5 f3 45. Kf2 fxg2 46. Kxg2 Ne2 47. c4 Kd4 48. c5 bxc5 49. b5 Kd5 50. a6 Kd6 51. b6 Nf4+ 52. Kf3 Nd5 53. Nc4+ Kc6 54. bxa7 1-0

[Event "*** Titled Tuesday Blitz"]
[Site "Chess.com"]
[Date "2020.10.20"]
[Round "11"]
[White "Jungle_Jaguar"]
[Black "maxip32"]
[Result "1-0"]
[WhiteElo "2589"]
[BlackElo "2433"]
[TimeControl "180+1"]
[EndTime "12:09:03 PDT"]
[Termination "Jungle_Jaguar won on time"]

1. e4 c5 2. Nf3 d6 3. d4 cxd4 4. Nxd4 Nf6 5. Nc3 a6 6. Be3 e5 7. Nb3 Be6 8. f3 Be7 9. Qd2 O-O 10. O-O-O a5 11. Bb5 Na6 12. a4 Nc7 13. Bb6 Qb8 14.
Qf2 Rc8 15. Kb1 Nxb5 16. Nxb5 Rc4 17. g4 Nd7 18. Ba7 Qd8 19. Nxd6 Rxa4 20. Nc5 Qc7 21.
Nxa4 Bxd6 22. Nb6 Rxa7 23. Nxd7 Ra6 24. Rd3 Qxd7 25. Rhd1 Bc4 26. Rc3 Be6 27. f4 Qe7 28. f5 Bd7 29. Rcd3 Be8 30. Qd2 Bc5 31. Rd8 h6 32.
Rb8 Rd6 33. Qe2 Rxd1+ 34. Qxd1 Kf8 35. Qd5 Qc7 36. Ra8 Be7 37. Qb5 Qc6 38. Qxa5 b6 39. Qa7 g6 40. fxg6 fxg6 41. Qb8 Kf7 42. Ra7 Kf6 43.
Rb7 Qd6 44. Rxb6 1-0

[Event "*** Titled Tuesday Blitz"]
[Site "Chess.com"]
[Date "2020.10.20"]
[Round "11"]
[White "chessmadara"]
[Black "Fischerev7"]
[Result "1-0"]
[WhiteElo "2225"]
[BlackElo "2407"]
[TimeControl "180+1"]
[EndTime "12:09:03 PDT"]
[Termination "chessmadara won by resignation"]

1. e4 c5 2. Nf3 d6 3. d4 cxd4 4. Nxd4 Nf6 5. Nc3 a6 6. g3 g6 7. Bg2 Bg7 8. O-O O-O 9. Bg5 h6 10. Be3 Qc7 11. h3 Nc6 12. Qd2 Kh7 13. Rfe1 Bd7 14. Rac1 Rac8 15. Nd5 Nxd5 16. exd5 Ne5 17. b3 f5 18. c4 Rce8 19. a4 a5 20. Bf4 b6 21. h4 Rf6 22. Re2 Bc8 23. Rce1 Rff8 24.
Bxe5 dxe5 25. Nc6 e4 26. Nd4 Bd7 27. Qe3 e5 28. dxe6 Bxe6 29. Nb5 Qc6 30. Rd1 Rd8 31.
Red2 Bf6 32. Rd6 Rxd6 33. Rxd6 Qe8 34. Qxb6 Bd8 35. Rxd8 Qxd8 36. Qxe6 f4 37. Qd6 Qe8 38. gxf4 e3 39. fxe3 Qxe3+ 40. Kh2 Rxf4 41. Qd7+ Kh8 42. Qd8+ Kg7 43. Qd7+ Rf7 44. Qd4+ Qxd4 45. Nxd4 Rf4 46. Ne6+ 1-0

[Event "*** Titled Tuesday Blitz"]
[Site "Chess.com"]
[Date "2020.10.20"]
[Round "11"]
[White "jonaszmb"]
[Black "HouseOfDurin"]
[Result "1-0"]
[WhiteElo "2397"]
[BlackElo "2185"]
[TimeControl "180+1"]
[EndTime "12:09:03 PDT"]
[Termination "jonaszmb won on time"]

1. e4 c5 2. Nf3 Nc6 3. c3 d5 4.
d3 dxe4 5. dxe4 Qxd1+ 6. Kxd1 e5 7. Na3 Bd7 8. Kc2 Nf6 9. Nd2 a6 10. Nac4 O-O-O 11. Nb6+ Kc7 12. Nxd7 Rxd7 13. f3 b5 14. a4 b4 15. Bxa6 Be7 16. Bb5 Ra8 17. Nc4 Bd6 18.
Bg5 Ne8 19. Ne3 f6 20. Nd5+ Kb7 21. Be3 Rf7 22. Rhd1 f5 23. exf5 Rxf5 24. Bd3 Rf7 25. Bxh7 Nf6 26. Nxf6 gxf6 27. Be4 Kc7 28. a5 Rxa5 29.
Rxa5 Nxa5 30. b3 Rg7 31. g4 Nc6 32. h4 bxc3 33. Bxc6 Kxc6 34. h5 e4 35. h6 Re7 36.
fxe4 Rxe4 37. h7 Re8 38. Rh1 Rh8 39. Kxc3 Be5+ 40. Kc4 Kd7 41. Bxc5 Ke6 42. b4 Kf7 43. Kd5 Kg7 44. Ke6 Rxh7 45. Rxh7+ Kxh7 46. b5 Kg6 47. b6 Kg5 48. b7 Bb8 49. Kd7 Kxg4 50. Kc8 Be5 51. Bb6 f5 52. Bc7 Bxc7 53. Kxc7 f4 54. b8=Q f3 55. Qg8+ Kh3 56. Qh7+ Kg2 57. Qg6+ Kf1 58.
Qd3+ Kg2 59. Qe4 Kg3 60. Kd6 f2 61. Qh1 Kf4 62. Qf1 Kf3 63. Ke5 Ke3 64. Kf5 Kf3 65. Kg5 Kg3 66. Kf6 1-0

[Event "*** Titled Tuesday Blitz"]
[Site "Chess.com"]
[Date "2020.10.20"]
[Round "11"]
[White "Oglob71"]
[Black "davidkalashian"]
[Result "1-0"]
[WhiteElo "2474"]
[BlackElo "2599"]
[TimeControl "180+1"]
[EndTime "12:09:04 PDT"]
[Termination "Oglob71 won on time"]

1. d4 Nf6 2. Nf3 e6 3. c4 b6 4. Bf4 Bb7 5. e3 Bb4+ 6. Nfd2 c5 7.
dxc5 Bxc5 8. Nc3 O-O 9. a3 d5 10. Nb3 Be7 11. cxd5 Nxd5 12. Nxd5 Bxd5 13. Be2 Bxg2 14.
Rg1 Qxd1+ 15. Rxd1 Bd5 16. Nd2 Nd7 17. e4 Bb7 18. f3 Rac8 19. Nc4 Rfd8 20. Nd6 Bxd6 21. Rxd6 Nc5 22. Rxd8+ Rxd8 23. Bh6 g6 24. Be3 Na4 25.
Kf2 Nxb2 26. Rc1 Rc8 27. Rxc8+ Bxc8 28. Bd4 Na4 29. Ke3 Bd7 30. Kf4 Kf8 31. Bf6 Ke8 32. Ke5 Nc3 33. Bd3 Bb5 34. Bc2 Kd7 35. Kd4 Ne2+ 36. Ke3 Kd6 37. f4 h5 38. Bb2 Ng1 39.
Be5+ Kd7 40. a4 Ba6 41. h4 Kc6 42. Bd4 Kd7 43. a5 bxa5 44. Ba4+ Kc7 45. Bxa7 f5 46. e5 Kd8 47. Bb6+ Ke7 48. Bxa5 Ne2 49. Be1 Nc1 50. Bc2 Kf7 51. Bd2 Ne2 52. Bd1 Ng1 53. Kf2 Nh3+ 54. Kg3 Nxf4 55. Bxf4 Bd3 56. Ba4 Be4 57. Bg5 Bd5 58. Kf4 Bc4 59. Ke3 Bd5 60. Kd4 Ba2 61. Kc5 Bd5 62. Kd6 Ba2 63. Kc7 Bd5 64. Kd8 Ba2 65.
Be8+ Kf8 66. Bh6+ Kg8 67. Ke7 1-0

[Event "*** Titled Tuesday Blitz"]
[Site "Chess.com"]
[Date "2020.10.20"]
[Round "11"]
[White "MuhittinBuker"]
[Black "zmeeed67"]
[Result "0-1"]
[WhiteElo "2110"]
[BlackElo "2350"]
[TimeControl "180+1"]
[EndTime "12:09:05 PDT"]
[Termination "zmeeed67 won on time"]

1. d4 Nc6 2. c4 e5 3. d5 Nce7 4. e4 Ng6 5. Nf3 Bc5 6. Be2 Nf6 7. O-O Nxe4 8. Bd3 Nf6 9. Qe1 d6 10. b4 Bb6 11. c5 dxc5 12. Nxe5 O-O 13. Nxg6 hxg6 14.
Bb2 Qxd5 15. Qc3 cxb4 16. Qc2 Bf5 17. Bxf5 Qxf5 18. Qb3 a5 19. Nd2 Ne4 20. Nf3 Rad8 21. a3 Nd2 22. Nxd2 Rxd2 23. axb4 Rxf2 24. Rxf2 Qxf2+ 25. Kh1 axb4 26. Qxb4 Re8 27. Qc3 f6 28. Qb3+ Kf8 29.
Ba3+ Bc5 30. Bxc5+ Qxc5 31. Qxb7 Qe5 32. Qb4+ c5 33. Qa5 c4 34. Qa3+ Kg8 35. h3 c3 36.
Rc1 Rc8 37. Qa6 Rc5 38. Qa8+ Kh7 39. Qa4 g5 40. Qc2+ f5 41. Qd1 Qe3 42. Qh5+ Kg8 43.
Ra1 Rc8 0-1

[Event "*** Titled Tuesday Blitz"]
[Site "Chess.com"]
[Date "2020.10.20"]
[Round "11"]
[White "GM_Levan_Pantsulaia"]
[Black "Beca95"]
[Result "0-1"]
[WhiteElo "2860"]
[BlackElo "2918"]
[TimeControl "180+1"]
[EndTime "12:09:07 PDT"]
[Termination "Beca95 won on time"]

1. Nf3 g6 2. g3 Bg7 3. Bg2 d6 4.
O-O e5 5. c4 Nd7 6. Nc3 Nh6 7.
d4 O-O 8. Bg5 f6 9. Bd2 Nf7 10.
b3 f5 11. dxe5 dxe5 12. e4 c6 13. Qc2 Qf6 14. Rad1 f4 15. Ne2 g5 16. h3 Qg6 17.
Bc3 Re8 18. gxf4 exf4 19. Bxg7 Qxg7 20. Nfd4 Nde5 21. f3 Qf6 22. c5 Ng6 23. Kh1 Nfe5 24. Nc1 a5 25. Nd3 Kh8 26. Nxe5 Nxe5 27. Rf2 Qh6 28. Nf5 Bxf5 29. exf5 Rad8 30. Rfd2 Rxd2 31. Qxd2 Qf6 32. Qxa5 Qxf5 33. Rd8 Qf8 34. Rd2 Kg7 35. Qb4 Re7 36. Qd4 Kh6 37. b4 Ng6 38. Kh2 Re3 39. a4 Qe7 40. Qd7 Qf6 41. Rd6 Qb2 42. h4 gxh4 43. Qg4 Qe5 44. Qxh4+ Qh5 45. Qxh5+ Kxh5 46. Rd7 Re2 47. Rxh7+ Kg5 48. Rxb7 Nh4 49. Rg7+ Kf5 50. Kh3 Ng6 51. Rf7+ Kg5 52. Rc7 Re8 0-1

[Event "*** Titled Tuesday Blitz"]
[Site "Chess.com"]
[Date "2020.10.20"]
[Round "11"]
[White "pedromartinez91"]
[Black "NikolaGry"]
[Result "0-1"]
[WhiteElo "2478"]
[BlackElo "2700"]
[TimeControl "180+1"]
[EndTime "12:09:07 PDT"]
[Termination "NikolaGry won by checkmate"]

1. b3 f5 2. Bb2 d6 3. d4 Nf6 4. Nd2 g6 5. Ngf3 Bg7 6. e3 Nc6 7. Bc4 e6 8. O-O O-O 9. Re1 Kh8 10. e4 fxe4 11. Ng5 d5 12. Bf1 Nh5 13. h4 Nxd4 14. Ba3 Rf5 15. Ndxe4 dxe4 16. c3 Nc6 17. Qxd8+ Nxd8 18. g4 Rxg5 19. hxg5 Nf4 20. Rad1 Nf7 21. Rxe4 e5 22. Bc4 Bxg4 23. Rd2 Nxg5 24. Re3 Nf3+ 25. Rxf3 Bxf3 26. Rd7 e4 27. Be7 a6 28. Rxc7 b5 29. Bf7 Ne2+ 30. Kf1 Nxc3 31. Ke1 a5 32. Kd2 a4 33.
Rxc3 Bxc3+ 34. Kxc3 Kg7 35. Bd5 Rc8+ 36. Kd4 e3 37.
Bxf3 exf2 38. Bg2 axb3 39. axb3 Rc1 40. Bd6 f1=Q 41. Be5+ Kf7 42. Bd5+ Ke7 43. Bd6+ Kxd6 44. b4 Rd1+ 45. Kc3 Qd3+ 46. Kb2 Rd2+ 47. Kc1 Qc2# 0-1

[Event "*** Titled Tuesday Blitz"]
[Site "Chess.com"]
[Date "2020.10.20"]
[Round "11"]
[White "chessknight02"]
[Black "Koalaskakistis"]
[Result "1-0"]
[WhiteElo "2357"]
[BlackElo "2453"]
[TimeControl "180+1"]
[EndTime "12:09:07 PDT"]
[Termination "chessknight02 won on time"]

1. d4 d5 2. c4 e6 3. Nf3 Nf6 4. g3 Be7 5. Bg2 O-O 6. O-O dxc4 7. Qc2 a6 8. a4 Bd7 9. Qxc4 Bc6 10. Bg5 Nbd7 11.
Nc3 h6 12. Bxf6 Nxf6 13. Rfd1 a5 14. e3 Bb4 15. Rac1 Ne4 16. Nxe4 Bxe4 17. Qxc7 Qe8 18.
Ne5 Bxg2 19. Kxg2 Qxa4 20. Qxb7 Qb3 21. Nd7 Rfd8 22. Ne5 Qd5+ 23. Qxd5 Rxd5 24. Rc7 Bd6 25. Rd7 Bxe5 26. Rxd5 exd5 27. dxe5 Rd8 28. Ra1 Re8 29. f4 Rb8 30. Ra2 Kf8 31. Kf3 a4 32. Ke2 Rb3 33. Rxa4 Rxb2+ 34. Kd3 Rxh2 35. f5 h5 36. Kd4 Rd2+ 37.
Kc5 Rd3 38. Kd6 g6 39. f6 Kg8 40. Ra8+ Kh7 41. Rf8 Rxe3 42. Rxf7+ Kh6 43. e6 d4 44. Rd7 d3 45. Ke7 Rf3 46. f7 Kg7 47. Rd8 g5 48. f8=Q+ Rxf8 49. Rxf8 d2 50. Rd8 h4 51.
Rxd2 h3 52. g4 1-0

[Event "*** Titled Tuesday Blitz"]
[Site "Chess.com"]
[Date "2020.10.20"]
[Round "11"]
[White "teacher4chess"]
[Black "brunomorado"]
[Result "0-1"]
[WhiteElo "2068"]
[BlackElo "2312"]
[TimeControl "180+1"]
[EndTime "12:09:08 PDT"]
[Termination "brunomorado won by resignation"]

1. d4 d5 2. c4 c6 3. Nf3 Nf6 4. e3 e6 5. Qc2 Nbd7 6. b3 Bd6 7. Bb2 O-O 8. Nbd2 Qe7 9. Bd3 e5 10. dxe5 Nxe5 11. Nxe5 Bxe5 12. Bxe5 Qxe5 13. O-O h6 14. Rae1 Bd7 15. f4 Qe7 16. e4 dxe4 17. Nxe4 Nxe4 18.
Bxe4 Qc5+ 19. Qf2 Qxf2+ 20. Kxf2 Rfe8 21. Bf3 Kf8 22. Rd1 Be6 23. Rd2 Rad8 24. Rfd1 Rxd2+ 25.
Rxd2 Ke7 26. g4 Rd8 27. Rxd8 Kxd8 28. f5 Bd7 29. Ke3 Ke7 30. h4 b6 31. Kf4 Kd6 32.
b4 a5 33. a3 c5 34. b5 f6 35. a4 Be8 36. Bd5 Bd7 37. g5 hxg5+ 38. hxg5 fxg5+ 39. Kxg5 Ke5 40. Kg6 Bxf5+ 41. Kxg7 Kd4 42. Kf6 Bd3 43.
Ke7 Bxc4 44. Bc6 Bb3 45. Kd6 c4 46. Be8 c3 47. Bg6 Bd5 48. Bc2 Kc4 49. Bg6 Bg2 50.
Kc7 Kb4 51. Kxb6 Kxa4 52. Bc2+ Kb4 53. Ka7 a4 54. b6 a3 55. b7 Bxb7 56. Kxb7 a2 57. Bb1 axb1=Q 0-1

[Event "*** Titled Tuesday Blitz"]
[Site "Chess.com"]
[Date "2020.10.20"]
[Round "11"]
[White "PavelShkapenko"]
[Black "Shield12"]
[Result "0-1"]
[WhiteElo "2707"]
[BlackElo "2824"]
[TimeControl "180+1"]
[EndTime "12:09:09 PDT"]
[Termination "Shield12 won by resignation"]

1. e4 c5 2. c3 e5 3. Nf3 Nc6 4. Bc4 Be7 5. O-O Nf6 6. Re1 Nxe4 7. d3 Nf6 8. Nxe5 O-O 9. Nxc6 dxc6 10. Nd2 Bf5 11. Qf3 Bg6 12. Ne4 Nd5 13. Ng3 Qd7 14.
Bxd5 cxd5 15. Bf4 Rfe8 16. Rad1 Rad8 17. h3 b6 18. a3 h6 19. Qg4 Kf8 20. Re5 Qxg4 21.
hxg4 Bf6 22. Rxe8+ Rxe8 23. Kf1 Re6 24. f3 Ke8 25.
Nf5 Kf8 26. d4 c4 27. Ne3 Bd3+ 28. Kf2 Re8 29. Re1 Rd8 30. Be5 Bh4+ 31. Bg3 Be7 32. Nf5 Bxf5 33. gxf5 b5 34. Be5 a5 35. Bxg7+ Kxg7 36. Rxe7 b4 37. axb4 axb4 38. Rb7 b3 39. Ke3 Re8+ 40.
Kd2 Ra8 41. Rb5 Ra2 42. Rxd5 Rxb2+ 43. Ke3 Rc2 44. Rb5 Rxc3+ 45. Ke4 Rc2 46. d5 b2 47. d6 c3 48. Kd3 Rc1 49. d7 b1=Q+ 50. Rxb1 Rxb1 51.
f6+ Kg6 52. Kc2 Rb8 0-1

[Event "*** Titled Tuesday Blitz"]
[Site "Chess.com"]
[Date "2020.10.20"]
[Round "11"]
[White "Kazmin_Dmitrij"]
[Black "fabianvivasz"]
[Result "0-1"]
[WhiteElo "2265"]
[BlackElo "2423"]
[TimeControl "180+1"]
[EndTime "12:09:10 PDT"]
[Termination "fabianvivasz won by checkmate"]

1. e4 e5 2. Nf3 Nc6 3. Bb5 f5 4. Nc3 fxe4 5. Nxe4 Nf6 6. Nxf6+ Qxf6 7. Qe2 Be7 8. Bxc6 bxc6 9. d4 exd4 10. Bg5 Qe6 11. Qxe6 dxe6 12. Bxe7 Kxe7 13. Nxd4 c5 14. Nb3 c4 15. Nd2 Ba6 16. c3 Rhd8 17. O-O-O Rd5 18. Nf3 Rad8 19. Rd4 c5 20. Rd2 Kf6 21. Re1 Bb7 22. Rde2 R5d6 23. Ne5 Bxg2 24. Nxc4 Ra6 25. a3 Bd5 26.
Ne3 Bb3 27. Ng4+ Kf5 28. h3 Rad6 29. Re5+ Kg6 30. Ne3 Kf6 31. Rxc5 h5 32. Nc2 Bxc2 33. Kxc2 Rd2+ 34. Kb3 Rb8+ 35. Kc4 Rxf2 36. Rc6 Rb6 37. Rexe6+ Kf5 38. Rxb6 axb6 39. Rxb6 g5 40. a4 g4 41. a5 gxh3 42. Rb5+ Kg4 43. a6 h2 44. a7 h1=Q 45. Rb8 Rf4+ 46. Kb3 Qd1+ 47. Ka3 Ra4# 0-1

[Event "*** Titled Tuesday Blitz"]
[Site "Chess.com"]
[Date "2020.10.20"]
[Round "11"]
[White "Deepweb2020"]
[Black "ChessArchitect64"]
[Result "1-0"]
[WhiteElo "2221"]
[BlackElo "2054"]
[TimeControl "180+1"]
[EndTime "12:09:10 PDT"]
[Termination "Deepweb2020 won by resignation"]

1. d4 d5 2. c4 c6 3. cxd5 cxd5 4. Nc3 Nf6 5. Bf4 e6 6. e3 Bd7 7. Bd3 Be7 8. Nf3 O-O 9. Ne5 Nc6 10. Nxd7 Qxd7 11. O-O Bd6 12. Bxd6 Qxd6 13. f4 Nb4 14. Bb1 Nd7 15. Rf3 f5 16. a3 Nc6 17. Rf2 a6 18. b4 b5 19. Bd3 Nf6 20. Rc2 Rfc8 21. Rac1 Ne7 22. Qe2 Rab8 23. Nd1 Rxc2 24. Rxc2 Qd7 25. Rc5 Rc8 26. Qc2 Rxc5 27. bxc5 Qc6 28. Nc3 Ne4 29.
Bxe4 dxe4 30. Qb3 Nd5 31. Nxd5 exd5 32. Qb4 Kf7 33. Qa5 Ke6 34. Qd8 Kf7 35. Qb8 Kg6 36.
Qb6 Qf6 37. c6 Qh4 38. c7+ Kh5 39. g3 Qg4 40. Qa5 Qd1+ 41. Kg2 Qe2+ 42. Kg1 Qd1+ 43. Kf2 Qf3+ 44. Ke1 Qxe3+ 45. Kd1 Qxd4+ 46. Qd2 Qc5 47. Qc2 Qd4+ 48. Ke1 Qe3+ 49. Qe2+ Qxe2+ 50. Kxe2 1-0

[Event "*** Titled Tuesday Blitz"]
[Site "Chess.com"]
[Date "2020.10.20"]
[Round "11"]
[White "GigaQuparadze"]
[Black "Gabrielian_Artur"]
[Result "1/2-1/2"]
[WhiteElo "2895"]
[BlackElo "2817"]
[TimeControl "180+1"]
[EndTime "12:09:12 PDT"]
[Termination "Game drawn - insufficient material"]

1. e4 c5 2. Nf3 d6 3. d4 cxd4 4. Nxd4 Nf6 5. Nc3 Nc6 6. Nb3 e6 7. g4 h6 8. Bg2 Be7 9. h4 d5 10. exd5 Nxd5 11. Nxd5 exd5 12. h5 O-O 13. Be3 Bf6 14.
c3 Re8 15. Bxd5 Ne5 16. Bf3 Qxd1+ 17. Bxd1 Nxg4 18. Bxg4 Bxg4 19. Kd2 Re5 20. Rag1 Rxh5 21. Rxh5 Bxh5 22. Bxh6 Rd8+ 23. Kc1 Bg6 24. Be3 b6 25. Bd4 Rd6 26. Rg4 a5 27. Bxf6 Rxf6 28. f4 Bh5 29.
Rh4 g6 30. Nd4 Rd6 31. Kd2 Rd8 32. Rh1 Kg7 33. Re1 Kf6 34. Re5 Bg4 35. Rb5 Rd6 36.
Ke3 Bd7 37. Re5 Kg7 38. a3 Kf8 39. b4 f6 40. Re4 axb4 41. cxb4 Kf7 42. Ne2 Bc6 43.
Rd4 Re6+ 44. Kd2 Bf3 45. Nc3 g5 46. fxg5 fxg5 47. a4 g4 48. a5 bxa5 49. bxa5 g3 50. Rf4+ Rf6 51. Rxf6+ Kxf6 52. Ke3 Ba8 53. Ne2 g2 54.
Kf2 Ke7 55. Nf4 Kd7 56. Nxg2 Bxg2 57. Kxg2 Kc6 58. Kf3 Kb5 59. a6 Kxa6 1/2-1/2

[Event "*** Titled Tuesday Blitz"]
[Site "Chess.com"]
[Date "2020.10.20"]
[Round "11"]
[White "tylityli"]
[Black "sbouchet"]
[Result "1/2-1/2"]
[WhiteElo "2249"]
[BlackElo "2399"]
[TimeControl "180+1"]
[EndTime "12:09:13 PDT"]
[Termination "Game drawn - insufficient material"]

1. d4 Nf6 2. c4 g6 3. Nc3 Bg7 4. e4 d6 5. Nge2 O-O 6. Ng3 e5 7. d5 Nbd7 8. Be2 a5 9. O-O Nc5 10. Be3 Bd7 11. f3 Qe7 12. Qd2 Ne8 13. Bh6 f5 14.
Bxg7 Kxg7 15. exf5 gxf5 16. Nh5+ Kh8 17. f4 e4 18.
Qd4+ Kg8 19. Kh1 Ng7 20. Nxg7 Qxg7 21. Qxg7+ Kxg7 22. Rg1 Kf6 23. g4 fxg4 24. Bxg4 Bxg4 25. Rxg4 Rg8 26. Rag1 Rg6 27. Nb5 Nd3 28. Rxg6+ hxg6 29. Nxc7 Rc8 30. Nb5 Rxc4 31. Nxd6 Rd4 32. Ne8+ Kf5 33. Nd6+ Kxf4 34. Rxg6 Rxd5 35. Kg2 Ke3 36. Rg3+ Kd4 37. Nxb7 Rb5 38. Rg7 Rxb2+ 39. Kg3 Rxa2 40. Rd7+ Ke3 41. h4 Ra1 42. h5 Rh1 43. Rd5 a4 44. Ra5 a3 45.
Nd6 a2 46. Rxa2 Rxh5 47. Ra4 Re5 48. Nc4+ Kd4 49. Nxe5+ Kxe5 50. Kg2 Kf4 51. Rc4 Ke3 52. Kf1 Kf3 53. Rxe4 Kxe4 1/2-1/2

[Event "*** Titled Tuesday Blitz"]
[Site "Chess.com"]
[Date "2020.10.20"]
[Round "11"]
[White "ThePatrick27"]
[Black "Arfan48"]
[Result "1/2-1/2"]
[WhiteElo "2557"]
[BlackElo "2420"]
[TimeControl "180+1"]
[EndTime "12:09:16 PDT"]
[Termination "Game drawn by repetition"]

1. d4 Nf6 2. c4 g6 3. Nf3 Bg7 4. Nc3 O-O 5. e4 d6 6. Be2 Na6 7. O-O e5 8. dxe5 dxe5 9. Be3 Ng4 10. Bg5 Qe8 11. Nd5 f6 12. Bd2 c6 13. Ne3 Nxe3 14. Bxe3 Qe7 15. Qc2 f5 16. exf5 gxf5 17.
c5 f4 18. Bd2 e4 19. Bc4+ Kh8 20. Rfe1 Bf5 21. Bxa6 bxa6 22. Bc3 Rae8 23. Nd4 Bd7 24. Re2 f3 25. Nxf3 Bg4 26. Re3 Bxf3 27. gxf3 Rxf3 28. Kh1 Rxe3 29. fxe3 Rf8 30. Rg1 Bxc3 31. Qxc3+ Qf6 32. Rf1 Qxc3 33. Rxf8+ Kg7 34. bxc3 Kxf8 35. Kg2 Ke7 36. Kg3 Ke6 37. Kf4 Kd5 38. Kf5 a5 39. a4 Kxc5 40.
Kxe4 Kc4 41. Kf5 Kb3 42. e4 Kxa4 43. e5 Kb3 44. e6 a4 45. e7 a3 46. e8=Q a2 47.
Qe1 Kb2 48. Qd2+ Kb1 49. Qd1+ Kb2 50. Qd2+ Kb1 51. Qd3+ Kb2 52. Qe2+ Kb1 53. Qe1+ Kb2 54. Qe2+ Kb1 55. Qd1+ Kb2 56. Qd2+ 1/2-1/2

[Event "*** Titled Tuesday Blitz"]
[Site "Chess.com"]
[Date "2020.10.20"]
[Round "11"]
[White "ambaixador"]
[Black "crazy_but_lazy"]
[Result "1-0"]
[WhiteElo "2337"]
[BlackElo "2446"]
[TimeControl "180+1"]
[EndTime "12:09:16 PDT"]
[Termination "ambaixador won by resignation"]

1. Nf3 Nf6 2. c4 e6 3. g3 b6 4.
Bg2 Bb7 5. O-O Be7 6. Nc3 O-O 7.
Rb1 d6 8. b4 Nbd7 9. Bb2 a5 10.
a3 c5 11. bxc5 Nxc5 12. Nb5 Qd7 13. d3 Rac8 14. Ba1 Bc6 15. Qd2 Qb7 16. Rfc1 Rfd8 17. Qg5 h6 18. Qd2 e5 19. e4 Ne8 20. Ne1 Nc7 21. Nc2 N7e6 22. Ne3 Bg5 23. h4 Bxe3 24. fxe3 Qd7 25. Bh3 Rf8 26. Rf1 Qe7 27. Qe2 Rfd8 28. Nc3 Rb8 29. Nd5 Bxd5 30. exd5 Nf8 31. Rf2 g6 32. Rbf1 Rb7 33. d4 Ne4 34. dxe5 Nxf2 35. Qxf2 dxe5 36. e4 Rc7 37. Qxb6 Rxc4 38. Kh2 Rc2+ 39.
Bg2 Nd7 40. Qxa5 Nf6 41. Qa4 Ng4+ 42. Kh3 Nf2+ 43. Kh2 Rdc8 44. Qa6 h5 45. Qb5 Ng4+ 46. Kh3 R2c5 47. Qa4 Qd7 48. Qxd7 Rc2 49. Qxf7+ 1-0

[Event "*** Titled Tuesday Blitz"]
[Site "Chess.com"]
[Date "2020.10.20"]
[Round "11"]
[White "geordie_derraugh"]
[Black "bait_or_mate"]
[Result "0-1"]
[WhiteElo "2408"]
[BlackElo "2586"]
[TimeControl "180+1"]
[EndTime "12:09:17 PDT"]
[Termination "bait_or_mate won on time"]

1. e4 c5 2. Nf3 d6 3. Bb5+ Bd7 4.
Bxd7+ Qxd7 5. O-O Nf6 6. Qe2 g6 7. c3 Bg7 8. d4 cxd4 9. cxd4 O-O 10. Nc3 Nc6 11. Rd1 Rfd8 12. e5 Ne8 13. Bg5 Rac8 14. exd6 Nxd6 15. Nd5 Nf5 16. Nf4 Nfxd4 17. Nxd4 Bxd4 18.
h4 Qf5 19. g4 Qe5 20. Qf3 Bxb2 21. Re1 Qc3 22. Re3 Qc5 23. Rae1 Bf6 24. Bh6 Nd4 25.
Qe4 Bxh4 26. Nh3 Bf6 27. g5 Bg7 28. Bxg7 Kxg7 29. Qxe7 Qxe7 30. Rxe7 Nf3+ 31. Kf1 Nxe1 32. Kxe1 Rc1+ 33. Ke2 Rb1 34. Nf4 Kf8 35. Rc7 Rd4 36. Ke3 Rd6 37. Nd3 a5 38. f4 f6 39. Rxh7 fxg5 40. fxg5 Re6+ 41. Kd2 Rg1 42. Rxb7 Rxg5 43.
Nf4 Rd6+ 44. Ke3 Re5+ 45. Kf3 Rf5 46. Kg4 Rd4 47. Rb8+ Kf7 48. Rb7+ Kf6 49. Rb6+ Kf7 50. Rb7+ Ke8 51. Rb8+ Kd7 52. Rb7+ Kc8 0-1